AoeStats
← kill.kaNe

Arabia

507285371Analyzed
1v1 RM · 13d ago on Sep 17, 2026· 36m 57s· 2 players
Game mode
Random Map
Map size
Tiny (2 player)
Population
200
Speed
Normal
Resources
Standard
Victory
Conquest
Starting age
Dark Age
Ending age
Imperial Age
RankedLock teamsTeams togetherTeam positionsShared explorationLock speedFull tech treeHidden civsTurbo modeCheats
Victory
Defeat
🇳🇴 Britons · Norway
453
+11
🇪🇸 Vietnamese · Spain
346
-11
kill.kaNe
2:09 Loom
10:46 Feudal Age
12:19 Wheelbarrow
21:20 Castle Age
23:31 Hand Cart
24:30 Double-Bit Axe
33:50 Horse Collar
33:43 Elite Skirmisher
Tomas
0:29 Loom
11:37 Feudal Age
12:58 Wheelbarrow
12:10 Town Watch
12:16 Horse Collar
13:02 Double-Bit Axe
16:05 Gold Mining
17:28 Stone Mining
22:58 Castle Age
21:22 Fletching
22:29 Padded Archer Armor
22:31 Scale Mail Armor
23:35 Forging
23:42 Heavy Plow
24:46 Bow Saw
26:28 Bodkin Arrow
26:48 Leather Archer Armor
27:27 Squires
27:13 Arson
28:22 Crossbowman
30:55 Murder Holes
31:07 Husbandry
31:37 Guard Tower
33:29 Gold Shaft Mining
33:43 Scale Barding Armor
33:52 Masonry
34:55 Hand Cart
35:55 Iron Casting
35:44 Ballistics
37:02 Chain Mail Armor
36:36 Gambesons
Connection lost

Rejoining the realm…

Still unreachable

The connection could not be restored.

Session expired

The server has moved on; the page needs a fresh start.